Cogmind - Beta 16.1 @@@ ROGUE MODE // 2026.02.17 @ 13:05:53 Player: keeyless Result: Destroyed by SP-AJQ(R) with Subdweller Beam Cannon Performance ------------- Evolutions (0) 0 Regions Visited (3) 600 Robots Destroyed (17) 85 Value Destroyed (524) 524 Prototype IDs (1) 20 Alien Tech Used (0) 0 Bonus (0) 0 TOTAL SCORE: 1229 Bonus ------- None Cogmind --------- Core Integrity 0/250 Matter 251/300 Energy 96/100 System Corruption 0% Temperature Cool (18) Movement Core (750) Ox14 Location -10/Subcaves Parts ------- > --- POWER (1) -------- (None) > --- PROPULSION (2) --- (None) > --- UTILITY (2) ------ High-capacity Storage Unit > --- WEAPON (2) ------- Improved Medium Laser > --- INVENTORY (20) --- Weapon Shielding Heavy Explosive Trap Heavy Explosive Trap Heavy Explosive Trap Peak State ------------ > --- POWER ------------ Light Ion Engine > --- PROPULSION ------- Wheel Wheel > --- UTILITY ---------- Medium Storage Unit > --- WEAPON ----------- Improved Medium Laser Improved Medium Laser > --- INVENTORY -------- Particle Gun [Rating: 10] Favorites ----------- Power Light Ion Engine Engine Light Ion Engine Propulsion Wheel Wheel Wheel Utility High-capacity Storage Unit Device Structural Scanner Storage High-capacity Storage Unit Weapon Improved Medium Laser Energy Gun Improved Medium Laser Ballistic Gun Assault Rifle Launcher Grenade Launcher Build | -11 -10 -10 -10 ------- Run | Yrd Mat Min Sub Slots Evolved . | . . . . Power . | . . . . Propulsion . | . . . . Utility . | . . . . Weapon . | . . . . Parts Attached 15 | 6 7 1 1 Power 1 | 1 . . . Engine 1 | 1 . . . Core . | . . . . Reactor . | . . . . Propulsion 2 | 2 . . . Treads . | . . . . Leg . | . . . . Wheel 2 | 2 . . . Hover . | . . . . Flight . | . . . . Utility 4 | . 3 1 . Device 1 | . . 1 . Storage 3 | . 3 . . Processor . | . . . . Hackware . | . . . . Protection . | . . . . Artifact . | . . . . Weapon 8 | 3 4 . 1 Energy Gun 4 | 1 3 . . Energy Cannon . | . . . . Ballistic Gun 3 | 2 . . 1 Ballistic Cannon . | . . . . Launcher 1 | . 1 . . Special Weapon . | . . . . Impact Weapon . | . . . . Slashing Weapon . | . . . . Piercing Weapon . | . . . . Special Melee Weapon . | . . . . Unidentified Prototypes 1 | . 1 . . Parts Lost 6 | . . . 6 Power 1 | . . . 1 Propulsion 2 | . . . 2 Utility 1 | . . . 1 Weapon 2 | . . . 2 Highest Loss Streak 6 | . . . 6 To Critical Strikes . | . . . . Average Backups . | . 1 . 1 Power . | . . . . Propulsion . | . . . . Utility . | . . . 1 Weapon . | . 1 . . Tool/Special . | . . . . Unused Backups 2 | . . 1 1 Power . | . . . . Propulsion . | . . . . Utility 2 | . . 1 1 Weapon . | . . . . Tool/Special . | . . . . Average Slot Usage (%) 88 | . 83 92 87 Engine 13 | . 14 14 12 Wheel 27 | . 28 28 21 Device 4 | . . 7 13 Storage 13 | . 12 14 14 Energy Gun 17 | . 22 14 14 Launcher 9 | . 5 14 9 Peak Build Rating 10 | 5 10 9 9 Average Rating 7 | 1 9 8 8 On Entrance 5 | . 5 8 9 Avg Prop Armor Cover (%) . | . . . . Naked Turns . | . . . . Heaviest Build 50 | 7 49 50 50 Greatest Support 20 | 20 20 20 20 Greatest Overweight (x) 15 | . 2 2 15 Average Overweight (x) 1 | . . 2 2 Largest Inventory Capacity 20 | 5 20 20 20 Average Capacity 14 | 5 12 20 20 Most Carried 5 | 2 3 5 5 Average Carried 1 | . 1 1 4 Final Capacity 20 | 5 20 20 20 Final Carried 4 | 1 . 4 4 Class Distribution -------------------- 100% | Mutant Dominant Class ---------------- Mutant | -10/Materials Mutant | -10/Mines Mutant | -10/Subcaves Resources | -11 -10 -10 -10 ----------- Run | Yrd Mat Min Sub Matter Collected 397 | 290 . 107 . Remotely . | . . . . Salvage Created 327 | 38 . 41 248 Parts 29 | 2 . 8 19 Haulers Intercepted . | . . . . Recyclers Shooed . | . . . . Parts Field Recycled . | . . . . Retrieved Matter . | . . . . Parts Self-Destructed . | . . . . Prevented . | . . . . Parts Restored . | . . . . Kills | -11 -10 -10 -10 ------- Run | Yrd Mat Min Sub Combat Hostiles Destroyed 17 | 1 . 6 10 Guns 4 | 1 . . 3 AOE 13 | . . 6 7 Classes Destroyed 3 | 1 . 1 1 Swarmer 6 | . . 6 . Grunt 1 | 1 . . . Subdweller 10 | . . . 10 Best Kill Streak 9 | 1 . 3 9 Combat Bots Only 9 | 1 . 3 9 Max Kills in Single Turn 3 | 1 . 3 3 Gunslinging . | . . . . Exploded 3 | . . 3 3 Melee . | . . . . Uniques/NPCs Destroyed . | . . . . Combat | -11 -10 -10 -10 -------- Run | Yrd Mat Min Sub Hostile Shots Fired 42 | 7 . 2 33 Missed 15 | 5 . . 10 Hits 27 | 2 . 2 23 Projectile 27 | 2 . 2 23 AOE 1 | . . . 1 Critical Strikes 1 | . . . 1 Damage Taken 695 | 21 34 17 623 Core 264 | . 24 . 240 Absorbed by Shields . | . . . . Core Remaining (%) 100 | 100 . . . Volleys Fired 29 | 5 . 9 15 Largest 2 | 2 . 2 2 Hottest 86 | 40 . 86 86 Shots Fired 46 | 10 . 15 21 Gun 37 | 10 . 9 18 Cannon . | . . . . Launcher 9 | . . 6 3 Special . | . . . . Kinetic 13 | 10 . . 3 Thermal 24 | . . 9 15 Explosive 9 | . . 6 3 Electromagnetic . | . . . . Robot Hit Streak 5 | 3 . 3 5 Robot Miss Streak 2 | 2 . 1 2 Penetration Max . | . . . . Secondary Targets 1 | . . . 1 Max Gunslinging Chain 1 | . . . 1 Shots Hit Robots 22 | 6 . 3 13 Core Hits 27 | 1 . 7 19 Critical Kills . | . . . . Critical Parts Destroyed . | . . . . Critical Strikes 1 | . . . 1 Burn 1 | . . . 1 Melee Attacks . | . . . . Impact . | . . . . Slashing . | . . . . Piercing . | . . . . Sneak Attacks . | . . . . Combat Hostiles . | . . . . Follow-up Attacks . | . . . . Damage Inflicted 1197 | 80 . 270 847 Guns 316 | 80 . 17 219 Cannons . | . . . . Explosions 881 | . . 253 628 Melee . | . . . . Ramming . | . . . . Kinetic 147 | 80 . . 67 Thermal 169 | . . 17 152 Explosive 881 | . . 253 628 Electromagnetic . | . . . . Impact . | . . . . Slashing . | . . . . Piercing . | . . . . Highest Corruption . | . . . . Average Corruption . | . . . . Corruption Purged . | . . . . Corruption Blocked . | . . . . Overload Shots . | . . . . Overflow Damage 21 | . . 21 . Projectiles . | . . . . Explosions 21 | . . 21 . Melee . | . . . . Knockbacks . | . . . . Impact . | . . . . Kinetic . | . . . . Secondary . | . . . . Self-Inflicted Damage 24 | . . . 24 Shots 2 | . . . 2 Rammed . | . . . . Targets Rammed . | . . . . Kicked . | . . . . Crushed . | . . . . Highest Temperature 252 | . . 72 252 Average Temperature 52 | . . 25 160 Received Heat Transfer 437 | 12 . . 425 Siege Activations . | . . . . Martial Activations . | . . . . Shielding Activations . | . . . . Robots Disrupted . | . . . . Combat Hostiles . | . . . . Robots Corrupted . | . . . . Combat Hostiles . | . . . . Parts Fried . | . . . . Impact Corruptions . | . . . . Robots Melted . | . . . . Combat Hostiles . | . . . . Parts Melted . | . . . . Heat Transferred 444 | . . 37 407 Parts Sabotaged . | . . . . Parts Stolen . | . . . . Parts Stripped . | . . . . Power Chain Reactions . | . . . . Alert | -11 -10 -10 -10 ------- Run | Yrd Mat Min Sub Maximum Alert Level . | . . . . Low Security (%) 100 | 100 100 100 . Level 1 . | . . . . Level 2 . | . . . . Level 3 . | . . . . Level 4 . | . . . . Level 5 . | . . . . High Security . | . . . . Max Security . | . . . . Peak Influence 108 | 20 13 108 . Initial 13 | . 13 . . Average 11 | 1 . 28 . Influence Increases 263 | 20 . 243 . Destroy 0b10 Robot/C 140 | 20 . 120 . Destroy Leader 20 | . . 20 . Allied During Kill 22 | . . 22 . Disable Machine 45 | . . 45 . Destroy Structure 36 | . . 36 . Influence Decreases 263 | . 20 135 108 Entered New Map 64 | . 7 . 57 Time Decay 188 | . 13 135 40 Lost Ally 11 | . . . 11 Squads Dispatched 2 | . 2 . . Investigation . | . . . . Extermination . | . . . . Reinforcement 2 | . 2 . . Assault . | . . . . Garrison . | . . . . Intercept . | . . . . Searches Triggered . | . . . . Construction Impeded . | . . . . Haulers Reinforced . | . . . . Active Scanning Responses . | . . . . Cargo Convoy Interrupts . | . . . . Stealth | -11 -10 -10 -10 --------- Run | Yrd Mat Min Sub Distress Signals . | . . . . Communications Jammed . | . . . . Distress Signals . | . . . . Times Spotted 21 | 1 2 4 14 Peak Tracking Total 12 | 1 1 3 12 Tactical Retreats . | . . . . Traps | -11 -10 -10 -10 ------- Run | Yrd Mat Min Sub Traps Triggered 1 | . 1 . . Indirectly . | . . . . Trap Hack Attempts . | . . . . Triggered . | . . . . Disarmed . | . . . . Reprogrammed . | . . . . Reused . | . . . . Traps Extracted . | . . . . Installed . | . . . . Triggered . | . . . . Most Traps Carried 3 | . . 3 3 Machines | -11 -10 -10 -10 ---------- Run | Yrd Mat Min Sub Machines Disabled 4 | . . 3 1 Max in Single Turn 1 | . . 1 1 Machines Repaired . | . . . . Machines Dismantled . | . . . . Machines Sabotaged . | . . . . Overloaded Fab Kills . | . . . . Hacking | -11 -10 -10 -10 --------- Run | Yrd Mat Min Sub Machines Accessed 2 | . . . 2 Terminals . | . . . . Fabricators . | . . . . Repair Stations . | . . . . Recycling Units . | . . . . Scanalyzers . | . . . . Garrison Access . | . . . . Total Hacks 3 | . . . 3 Successful 3 | . . . 3 Failed . | . . . . Catastrophic . | . . . . Database Lockouts . | . . . . Manual . | . . . . Terminals . | . . . . Fabricators . | . . . . Repair Stations . | . . . . Recycling Units . | . . . . Scanalyzers . | . . . . Garrison Access . | . . . . Terminal Hacks 3 | . . . 3 Record 1 | . . . 1 Open Door 1 | . . . 1 Release Object 1 | . . . 1 Fabricator Hacks . | . . . . Repair Station Hacks . | . . . . Recycling Unit Hacks . | . . . . Scanalyzer . | . . . . Garrison Access Hacks . | . . . . Unauthorized Hacks . | . . . . Terminals . | . . . . Fabricators . | . . . . Repair Stations . | . . . . Recycling Units . | . . . . Scanalyzers . | . . . . Garrison Access . | . . . . Data Cores Recovered . | . . . . Used . | . . . . Hacking Detections . | . . . . Full Trace Events . | . . . . Feedback Events . | . . . . Feedback Blocked . | . . . . Robot Schematics Acquired . | . . . . Robots Built . | . . . . Authchips . | . . . . Time . | . . . . Total Robot Build Rating . | . . . . Part Schematics Acquired . | . . . . Parts Built . | . . . . Authchips . | . . . . Time . | . . . . Total Part Build Rating . | . . . . Part Studies Acquired . | . . . . Parts Repaired . | . . . . Time . | . . . . Parts Recycled . | . . . . Recycled Matter . | . . . . Retrieved Matter . | . . . . Retrieved Components . | . . . . Parts Scanalyzed . | . . . . Part Schematics Acquired . | . . . . Parts Damaged . | . . . . Bothacking | -11 -10 -10 -10 ------------ Run | Yrd Mat Min Sub Used RIF Installer . | . . . . Robots Hacked . | . . . . Non-combat . | . . . . Combat . | . . . . Robot Hacks Applied . | . . . . Relay Couplers Released . | . . . . Fabnet Peak Effective % . | . . . . Robots Rewired . | . . . . Allies Hacked . | . . . . Hacks Repelled . | . . . . Allies | -11 -10 -10 -10 -------- Run | Yrd Mat Min Sub Total Allies 3 | . . 3 . Largest Group 3 | . . 3 2 Highest-Rated Group 40 | . . 40 24 Highest-Rated Ally 16 | . . 16 16 Total Orders 1 | . . 1 . AID 1 | . . 1 . Ally Attacks 2 | . . . 2 Total Damage 26 | . . . 26 Kills . | . . . . Allies Corrupted . | . . . . Allies Melted . | . . . . Intel | -11 -10 -10 -10 ------- Run | Yrd Mat Min Sub Active Infowar (turns) 414 | . . 278 136 Structural 414 | . . 278 136 Robot Analysis Total . | . . . . Derelict Logs Recovered . | . . . . Drone Launches . | . . . . Drone Recoveries . | . . . . Exploration | -11 -10 -10 -10 ------------- Run | Yrd Mat Min Sub Turns Passed 1483 | 279 521 535 148 Spaces Moved 904 | 98 309 406 91 Core 41 | 40 . . 1 Treads . | . . . . Legs . | . . . . Wheels 863 | 58 309 406 90 Hover . | . . . . Flight . | . . . . Fastest Speed 50 | 50 80 110 110 Average Speed 98 | 67 85 110 121 Slowest Speed 800 | 80 110 110 800 Overloaded Moves . | . . . . Propulsion Burnouts . | . . . . Robots Hopped . | . . . . Potential Cave-ins 2 | . . 2 . Cave-ins Triggered . | . . . . Exploration Rate (%) 20 | 6 25 45 7 Regions Visited 3 Branch Regions 2 Pre-discovered Areas 2 | . . 1 1 Known Exits Taken . | . . . . Unknown Exits Taken 3 | 1 1 1 . Scrap Searched 2 | . . 2 . Spaces Dug 28 | . . 28 . Terrain Destroyed 65 | . . 48 17 Melee . | . . . . Projectile . | . . . . AOE 65 | . . 48 17 Terrain Rammed . | . . . . Walls Destroyed . | . . . . Machines Disabled . | . . . . Actions | -11 -10 -10 -10 --------- Run | Yrd Mat Min Sub Total 1457 | 299 568 480 110 Wait 482 | 185 239 58 . Move 901 | 97 308 405 91 Hop . | . . . . Pick Up 21 | 6 7 6 2 Fast Attach . | . . . . Attach 9 | 5 2 1 1 Detach . | . . . . Swap 6 | 1 5 . . Drop 9 | . 7 1 1 Fire 29 | 5 . 9 15 Melee . | . . . . Ram . | . . . . Kick . | . . . . Crush . | . . . . Escape Stasis . | . . . . Rewire . | . . . . Trap . | . . . . Miscellaneous . | . . . . Route ------- -11/Scrapyard -10/Materials -10/Mines (discovered 2 exits: [*Mat] / *Sub) -10/Subcaves (discovered 1 exit: [Scr]) History --------- Turn | Location | Event 2 | -11/Scrapyard | Met Revision 17 249 | -11/Scrapyard | Discovered new exit (range 8) 280 | -11/Scrapyard | Entered Materials 324 | -10/Materials | Build established: Mutant 765 | -10/Materials | Discovered new exit (range 12) 801 | -10/Materials | Entered Mines 813 | -10/Mines | Assisted by bots powering up and referring to "LRC-V3" 1104 | -10/Mines | Found a hidden stash of uninstalled traps 1161 | -10/Mines | Learned location of Storage (-8) 1286 | -10/Mines | Discovered new exit (range 10) 1302 | -10/Mines | Discovered new exit (range 9) 1336 | -10/Mines | Entered Subcaves 1336 | -10/Subcaves | Accompanied by 2 allies 1337 | -10/Subcaves | Approached by a straggling Scientist 1345 | -10/Subcaves | Learned location of Zion (-7) 1345 | -10/Subcaves | Met a Zionite searching for "candidates" 1423 | -10/Subcaves | Ambushed by swarm of Subdwellers 1423 | -10/Subcaves | Ambushed by Subdwellers from Twisted Machinery 1423 | -10/Subcaves | Ambushed by Subdwellers from Twisted Machinery 1423 | -10/Subcaves | Ambushed by Subdwellers from Twisted Machinery 1423 | -10/Subcaves | Ambushed by Subdwellers from Twisted Machinery 1423 | -10/Subcaves | Ambushed by Subdwellers from Twisted Machinery 1423 | -10/Subcaves | Ambushed by Subdwellers from Twisted Machinery 1456 | -10/Subcaves | Lost 3 allies 1467 | -10/Subcaves | Destroyed 9 combat bots 1469 | -10/Subcaves | Core integrity fell below 50% 1479 | -10/Subcaves | Core integrity fell below 20% 1484 | -10/Subcaves | Destroyed by SP-AJQ(R) with Subdweller Beam Cannon Last Messages --------------- >>Release Inventory Accessing inventory controls... Collection purity confirmed 100%... Ejecting SUBCON Basin... Delivery behind schedule, handle with care! When the line of fire is red, you are attempting to shoot through an object at another target, which incurs significant penalties. Lgt. Ion Engine destroyed. Wheel destroyed. SP-AJQ(R) suffers critical hit (Burn). The unstable cave ceiling collapses. [Achievement: There's More Where That Came From] 76-F8B(R) destroyed. Switching to secondary target: SP-AJQ(R). Structural Scanner destroyed. Critical hit (Meltdown: +260). SP-AJQ(R) affixes Scrap Shield Fragment to Scrap Shield. Sub. Machine Gun destroyed. Map ----- +----------------------------------------------------+ | ?????????????????????????????????????????????????? | | ?????????????????????????????????????????????????? | | ?????????????????????????????????????????????????? | | ?????????????????????????????????????????????????? | | ?????????????????????????????????????????????????? | | ?????????????????????????????????????????????????? | | ?????????????????????????????????????????????????? | | ?????????????????????????????????????????????????? | | ?????????????????????????????????????????????????? | | ?????????????????????????????????????????????????? | | ?????????????????????????????????????????????????? | | ?????????????????????????????????????????????????? | | ?????????????????????????????????????????????????? | | ?????????????????????????????????????????????????? | | ?????????????????????????????????????????????????? | | ?????????????????????????????????????????????????? | | ?????????????????????????????????????????????????? | | ?????????????????????????????????????????????????? | | ?????????????????????????????????????????????????? | | ?????????????????????????????????????????????????? | | ???????????????????##########????????????????????? | | ???????????????????##########????????????????????? | | ???????????????????##""""""##????????????????????? | | ?????????????####??##""""X"##????????????????????? | | ???????????##### ??##*&R%&"##????????????????????? | | ???????????#### ??## R![@"##????????????????????? | | ???????????## ??##%!""""##????????????????????? | | ???????????## ?###=##### ????????????????????? | | ???????????#### ##!!*] =###???????????????????? | | ???????######### ###=&%% %!###??????????????????? | | ?????? # ### # # [!!!%&% ###?????????????????? | | ????? #%* % "######???????????????? | | ????? *# =! "" ####???????????????? | | ?????????## # % ] ##???????????????? | | ?????????########## = % ##???????????????? | | ????????????####### #####???????????????? | | ?????????????????#### ## #####???????????????? | | ?????????????????## ## ##?????????????????? | | ??????????????????### ## # # ?????????????????? | | ??????????????????## ##? ???????????????? | | ??????????????????## ###? # ? ??????????????? | | ??????????????????#### ###### ??????????????????? | | ??????????????????#### #>###???????????????????? | | ?????????????????#### # ##???????????????????? | | ????????????????##### ##???????????????????? | | ????????????????### ## ??????????????????? | | ???????????????### # # # ??????????????????? | | ??????????????#### #### ??????????????? | | ??????????????### ###### ?????????????? | | ??????????????## ########### ???????????? | +----------------------------------------------------+ Best States ------------- Heat Dissipation 25 Energy Generation 10 Energy Capacity 125 Matter Stores 300 Matter Capacity 300 Sight Range 16 Terrain Scan Density 10 Evasion (%) 50 Item Schematics ----------------- None Robot Schematics ------------------ None Fabricated ------------ Nothing Repaired ---------- Nothing Studied --------- None Alien Tech Used ----------------- None Achievements -------------- I Have A Map? Risk Taker There's More Where That Came From Uninvited Guest Challenges ------------ None Game ------ Seed AlphaResetCalibrator Manual? 0 Play Time 00:27:46 Cumulative 0.4 hours Start 2026.02.17 @ 12:36:41 End 2026.02.17 @ 13:05:53 Sessions 1 Manual Loads 0 Difficulty Rogue Special Mode None Game No. 2 Rogue 2 Adventurer 0 Explorer 0 Win Type - Total 0 Types 0/0/0/0/0/0/0/0/0/0 Lore% 0 Gallery% 1 Achievement% 2 Wizard Run 0 Options --------- Layout 1 ASCII 0 Keyboard 0 Movement Arrows Keybinds 0 Fullscreen 1 Font 16/SmallcapsGlow Map View 50x40 Zoom Use 9% Tactical HUD 0 Map Filters NONE Filters NONE Steam SD RUN: 5f224d28-1b60-4640-adba-8a460d498e34